 Dungeon Crawl Stone Soup version 0.26.1-11-gd32895ea62 (webtiles) character file.

Game seed: 15553681837628249015

1535 eagelman13508 the Cudgeller (level 8, -1/74 HPs)
             Began as a Troll Berserker on June 15, 2021.
             Was an Elder of Trog.
             Slain by a killer bee (4 damage)
             ... on level 6 of the Dungeon.
             The game lasted 00:25:44 (4167 turns).

eagelman13508 the Cudgeller (Troll Berserker)       Turns: 4167, Time: 00:25:49

Health: -1/74      AC: 10    Str: 28    XL:     8   Next: 55%
Magic:  7/7        EV:  9    Int:  3    God:    Trog [****..]
Gold:   300        SH: 17    Dex:  9    Spells: 7/7 levels left

rFire    . . .     SeeInvis .   a - +0 mace
rCold    . . .     Faith    .   j - +2 kite shield {AC+3}
rNeg     . . .     Spirit   .   b - +0 animal skin
rPois    .         Reflect  +   (helmet restricted)
rElec    .         Harm     .   D - +0 cloak
rCorr    .         Rampage  .   (gloves unavailable)
Will     +....                  (boots unavailable)
Stlth    ..........             q - amulet of reflection
HPRegen  0.62/turn              d - ring of willpower
MPRegen  0.10/turn              g - ring of attention (curse)

@: berserk cooldown, slowed, very slow
A: large, unfitting armour, claws 3, regeneration 1, shaggy fur 1, tough skin 3
a: Renounce Religion, Berserk, Trog's Hand, Brothers in Arms


You were on level 6 of the Dungeon.
You worshipped Trog.
Trog was greatly pleased with you.
You visited 1 branch of the dungeon, and saw 6 of its levels.

You collected 300 gold pieces.

Inventory:

Hand Weapons
 a - a +0 mace (weapon)
 t - a +0 giant spiked club
Missiles
 c - 244 stones
 n - 5 curare-tipped darts (quivered)
 C - 10 poisoned darts
Armour
 b - a +0 animal skin (worn)
 j - a +2 kite shield of protection (worn)
 D - a +0 cloak (worn)
Jewellery
 d - a ring of willpower (left claw)
 g - a cursed ring of attention (right claw)
 q - an amulet of reflection (around neck)
 r - a cursed ring of teleportation {unknown}
Scrolls
 e - 5 scrolls of identify
 f - 2 scrolls of remove curse {unknown}
 h - a scroll of enchant armour {unknown}
 i - 6 scrolls of teleportation
 k - 2 scrolls of noise {unknown}
 l - a scroll of enchant weapon {unknown}
 o - 2 scrolls of magic mapping
 u - 2 scrolls of fear {unknown}
 v - 2 scrolls of immolation {unknown}
 x - a scroll of blinking {unknown}
 y - a scroll of amnesia {unknown}
Potions
 m - 2 potions of attraction {unknown}
 p - a potion of ambrosia {unknown}
 s - 2 potions of curing
 w - a potion of lignification {unknown}
 z - a potion of heal wounds {unknown}
 A - a potion of brilliance {unknown}
 B - a potion of degeneration {unknown}
 E - a potion of magic {unknown}


   Skills:
 - Level 2.4 Fighting
 + Level 7.0 Maces & Flails
 - Level 3.0 Throwing
 - Level 2.4 Dodging
 * Level 5.9 Shields


You had 7 spell levels left.
You didn't know any spells.
Your spell library was empty.

Dungeon Overview and Level Annotations

Branches:
Dungeon (6/15)
 Temple: D:4-7

Altars:
Ashenzari
Elyvilon
Fedhas
Hepliaklqana
Sif Muna

Shops:
D:6 [

Annotations:
D:4 2 transporters, oc3rt's ghost, novice KoHu


Innate Abilities, Weirdness & Mutations

You are too large for most types of armour.
You have claws for hands.
Your natural rate of healing is unusually fast.
You are covered in fur. (AC +1)
You have extremely tough skin. (AC +3)


Message History

You are no longer berserk.
You are exhausted.
You feel yourself slow down.
* * * LOW HITPOINT WARNING * * *
You feel sick.
* * * LOW HITPOINT WARNING * * *
You feel very sick. The killer bee closely misses you.
You block the killer bee's attack. You block the ufetubus's attack.
The ufetubus closely misses you.
The ufetubus hits you but does no damage.
The ufetubus completely misses you. The killer bee closely misses you.
The killer bee stings you.
* * * LOW HITPOINT WARNING * * *
You feel better. You block the killer bee's attack. The killer bee stings you!
* * * LOW HITPOINT WARNING * * *
The killer bee stings you but does no damage.
You block the ufetubus's attack. x3
The ufetubus hits you but does no damage.
The killer bee stings you.
You die...

#...#.# #.....#
+.....# #.....#
#....######
#####[...+.....
..........########
###...)..∩y.).†..#
#####..@5......#
#.5yy.†....#
#..........#
#..........#
#..........# .
#..........# ..
#..........######y..
#...................
#########..........y


You could see 3 killer bees and 2 ufetubi.

Vanquished Creatures
  Eustachio (D:6)
  A sky beast (D:6)
  An ice beast (D:5)
  A phantom (D:5)
  A necrophage (D:4)
  2 ogres
  A bullfrog (D:6)
  2 scorpions (D:4)
  3 killer bees (D:6)
  2 bullfrog zombies
  A hound (D:5)
  A jelly (D:5)
  A centaur skeleton (D:5)
  An orc wizard (D:5)
  6 worker ants
  A mummy (D:4)
  A worker ant zombie (D:5)
  9 adders
  3 gnolls (D:2)
  A howler monkey skeleton (D:4)
  An ufetubus (D:6)
  An adder zombie (D:5)
  A dart slug (D:2)
  A leopard gecko (D:1)
  11 orcs
  6 bats
  3 giant cockroaches
  13 goblins
  4 hobgoblins
  5 jackals
  7 kobolds
  A quokka (D:6)
  2 ball pythons
  7 frilled lizards
  A giant cockroach zombie (D:5)
  2 hobgoblin zombies (D:4)
  A jackal skeleton (D:6)
  2 kobold zombies (D:4)
  A leopard gecko skeleton (D:5)
  A quokka skeleton (D:5)
  12 rats
123 creatures vanquished.

Vanquished Creatures (others)
  A hobgoblin (D:3)
  A frilled lizard (D:3)
2 creatures vanquished.

Grand Total: 125 creatures vanquished

Notes
Turn   | Place    | Note
-------+----------+-------------------------------------------
     0 | D:1      | eagelman13508 the Troll Berserker began the quest for the
                  | Orb.
     0 | D:1      | Reached XP level 1. HP: 22/22 MP: 0/0
    51 | D:1      | Reached skill level 3 in Maces & Flails
   153 | D:1      | Reached XP level 2. HP: 27/29 MP: 1/1
   670 | D:1      | Reached ** piety under Trog
   840 | D:1      | Reached XP level 3. HP: 36/36 MP: 2/2
  1000 | D:2      | Reached skill level 4 in Maces & Flails
  1075 | D:2      | Found a broken altar of Ashenzari.
  1384 | D:2      | Reached XP level 4. HP: 42/44 MP: 3/3
  1388 | D:2      | Reached skill level 1 in Shields
  1426 | D:2      | Found a blossoming altar of Fedhas.
  2175 | D:3      | Found a white marble altar of Elyvilon.
  2197 | D:3      | Reached XP level 5. HP: 50/50 MP: 4/4
  2315 | D:3      | Reached skill level 1 in Throwing
  2425 | D:4      | Found a transporter.
  2489 | D:4      | Found a transporter.
  2495 | D:4      | Noticed oc3rt's ghost (novice KoHu)
  2581 | D:4      | Noticed an ogre
  2587 | D:4      | Killed an ogre
  2588 | D:4      | Reached skill level 5 in Maces & Flails
  2588 | D:4      | Reached XP level 6. HP: 59/59 MP: 5/5
  2691 | D:4      | Reached *** piety under Trog
  2981 | D:4      | Reached XP level 7. HP: 65/66 MP: 6/6
  3168 | D:5      | Entered Level 5 of the Dungeon
  3203 | D:5      | Found a hazy altar of Hepliaklqana.
  3558 | D:5      | Reached skill level 6 in Maces & Flails
  3602 | D:5      | Reached XP level 8. HP: 64/74 MP: 7/7
  3667 | D:5      | Reached skill level 5 in Shields
  3684 | D:5      | Found a shimmering blue altar of Sif Muna.
  4034 | D:6      | Found Azikunn's Antique Armour Boutique.
  4060 | D:6      | Noticed Eustachio
  4077 | D:6      | Killed Eustachio
  4150 | D:6      | Reached **** piety under Trog
  4151 | D:6      | Reached skill level 7 in Maces & Flails
  4166 | D:6      | HP: 3/74 [poisoned by a killer bee]
  4167 | D:6      | Slain by a killer bee

Illustrated notes

Levels and vault maps discovered:
D:1:      minmay_arrival_hallway, layout_basic
D:2:      layout_loops_ring, nicolae_ashenzari_panopticon,
          fedhas_altar_fruit_tree
D:3:      layout_basic, elyvilon_altar_4, st_stairs_13, minmay_misc_feat_hallway
D:4:      layout_cave_pools, gammafunk_ghost_mausoleum, minmay_mini_ossuary
D:5:      layout_loops_ring, nicolae_overflow_crystal_walls, led_sif_pool
D:6:      layout_basic, lemuel_doored_altar, serial_shops, shop, uniq_eustachio

Skill      XL: |  1  2  3  4  5  6  7  8 |
---------------+-------------------------+-----
Maces & Flails | 3 4 5 6 7 |  7.0
Shields        | 1 2 3 4 5 |  5.9
Throwing       | 1 2 3 |  3.0
Fighting       | |  2.4
Dodging        | |  2.4

Action                   |  1- 3 |  4- 6 |  7- 9 || total
-------------------------+-------+-------+-------++-------
Melee: Mace              |   137 |   237 |   179 ||   553
Throw: Dart              |       |     3 |     5 ||     8
Invok: Berserk           |     1 |     1 |     1 ||     3
  Use: Scroll            |     1 |     1 |     1 ||     3
       Potion            |       |       |     1 ||     1
 Stab: Sleeping          |     2 |       |       ||     2
Armor: Animal skin       |    69 |    65 |    76 ||   210
Dodge: Dodged            |    73 |    63 |    64 ||   200
Block: Kite shield       |    30 |   168 |   169 ||   367
